 Dungeon Crawl Stone Soup version 0.26.0-10-g1f06aea511 (webtiles) character file.

Game seed: 14823130868734593432

102 MisterFreud the Ruffian (level 4, 0/33 HPs)
             Began as a Ghoul Earth Elementalist on Jan 30, 2021.
             Slain by an orc
             ... wielding a +0 hand axe
              (4 damage)
             ... on level 3 of the Dungeon.
             The game lasted 00:02:44 (2890 turns).

MisterFreud the Ruffian (Ghoul Earth Elementalist)  Turns: 2890, Time: 00:02:45

Health: 0/33       AC:  2    Str: 11    XL:     4   Next: 77%
Magic:  5/5        EV: 12    Int: 11    God:
Gold:   40         SH:  0    Dex:  9    Spells: 5/6 levels left

rFire    . . .     SeeInvis .     - Unarmed
rCold    + . .     Faith    .   (no shield)
rNeg     + + +     Spirit   .   c - +0 robe
rPois    ∞         Reflect  .   (no helmet)
rElec    .         Harm     .   (no cloak)
rCorr    .         Rampage  .   (no gloves)
Will     .....                  (no boots)
Stlth    +++.......             (no amulet)
HPRegen  0.00/turn              a - ring of stealth
MPRegen  0.09/turn              (no ring)

@: no status effects
A: claws 1, cold resistance 1, negative energy resistance 3, inhibited
regeneration, torment resistance, unbreathing
a: no special abilities


You were on level 3 of the Dungeon.
You visited 1 branch of the dungeon, and saw 3 of its levels.

You collected 40 gold pieces.

Inventory:

Missiles
 b - 77 stones
Armour
 c - a +0 robe (worn)
Jewellery
 a - a ring of stealth (left claw)
Scrolls
 e - a scroll of enchant armour {unknown}
 f - a scroll of fog {unknown}
 h - a scroll of identify {unknown}
Potions
 d - a potion of degeneration {unknown}
 g - a potion of lignification {unknown}


   Skills:
 - Level 1.7 Dodging
 - Level 2.1 Stealth
 + Level 4.6 Unarmed Combat
 - Level 1.7 Spellcasting
 - Level 0.8 Transmutations
 - Level 3.2 Earth Magic


You had 5 spell levels left.
You knew the following spells:

 Your Spells              Type           Power        Failure   Level
a - Sandblast             Erth           16%          8%          1

Your spell library contained the following spells:

 Spells                   Type           Power        Failure   Level
 Passwall                 Tmut/Erth      4%           19%         2
 Stone Arrow              Conj/Erth      8%           41%         3
 Petrify                  Tmut/Erth      5%           77%         4
 Lee's Rapid Deconstruct  Erth           4%           91%         5


Dungeon Overview and Level Annotations

Branches:
Dungeon (3/15)

Altars:


Innate Abilities, Weirdness & Mutations

You thrive by killing the living.
You are immune to poison.
You have sharp fingernails.
Your flesh is cold resistant. (rC+)
You are immune to negative energy. (rN+++)
You do not regenerate when monsters are visible.
You are immune to unholy pain and torment.
You can survive without breathing.


Message History

The orc throws a silver boomerang.
The silver boomerang barely misses you.
The weapon returns to the orc!
The bat moves out of view.
The orc throws a silver boomerang.
The silver boomerang hits you.
The weapon returns to the orc!
You barely miss the orc. You scratch the orc.
The orc is heavily wounded.
The orc hits you with a +0 hand axe!
You are too injured to fight recklessly!
You barely miss the orc.
The orc is heavily wounded.
The bat hits you. The orc hits you with a +0 hand axe.
* * * LOW HITPOINT WARNING * * *
You are too injured to fight recklessly!
You scratch the orc but do no damage.
The orc is heavily wounded.
The bat hits you.
* * * LOW HITPOINT WARNING * * *
The orc hits you with a +0 hand axe.
You die...

### #.. ... .. ..#
.. #.# # #. #.# .#
# #.. #.###.#.#.#
#..#####.#.b[....#
#.........@o.#
#..#.#####.###
##..#.#####.#
#...........#
##..#.#######
#..#.#######
#...........
#.##.####### #
#.......#


You could see an orc and a bat.

Vanquished Creatures
  5 adders
  A worm (D:3)
  A dart slug (D:1)
  2 leopard geckos
  2 giant cockroaches
  5 hobgoblins
  4 jackals (D:2)
  2 quokkas
  7 bats
  4 frilled lizards (D:2)
  3 goblins
  10 kobolds
  6 rats (D:2)
52 creatures vanquished.

Notes
Turn   | Place    | Note
-------+----------+-------------------------------------------
     0 | D:1      | MisterFreud the Ghoul Earth Elementalist began the quest
                  | for the Orb.
     0 | D:1      | Reached XP level 1. HP: 14/14 MP: 2/2
   267 | D:1      | Reached skill level 1 in Unarmed Combat
   420 | D:1      | Reached XP level 2. HP: 10/20 MP: 1/3
   608 | D:1      | Reached skill level 2 in Unarmed Combat
  1061 | D:2      | Reached XP level 3. HP: 26/26 MP: 2/4
  1297 | D:2      | Reached skill level 3 in Unarmed Combat
  1971 | D:2      | Reached XP level 4. HP: 27/33 MP: 5/5
  1980 | D:2      | Reached skill level 4 in Unarmed Combat
  2890 | D:3      | Slain by an orc

Illustrated notes

Levels and vault maps discovered:
D:1:      dpeg_arrival_more_subterranean_lakeside_camping, layout_loops_ring,
          kennysheep_flooded_box
D:2:      layout_basic
D:3:      layout_loops_ring, patterned_corridor, uniq_natasha

Skill      XL: |  1  2  3  4 |
---------------+-------------+-----
Unarmed Combat | 1 2 3 4 |  4.6
Dodging        | |  1.7
Stealth        | |  2.1
Spellcasting   | |  1.7
Transmutations | |  0.8
Earth Magic    | |  3.2

Action                   |  1- 3 |  4- 6 || total
-------------------------+-------+-------++-------
Melee: Unarmed           |   117 |    73 ||   190
       Punch             |     1 |       ||     1
 Cast: Sandblast         |     8 |       ||     8
 Stab: Sleeping          |     5 |     4 ||     9
Armor: Robe              |    22 |    11 ||    33
Dodge: Dodged            |    71 |    47 ||   118
